 Dungeon Crawl Stone Soup version 0.31.0-32-g396128a36d (webtiles) character file.

Game seed: 4476855036722565332

212 spaghetti the Magician (level 5, -6/45 HPs)
             Began as an Oni Summoner on Mar 9, 2024.
             Killed by divine providence
             ... invoked by an orc priest
              (12 damage)
             ... on level 4 of the Dungeon.
             The game lasted 00:04:06 (3865 turns).

spaghetti the Magician (Oni Summoner)               Turns: 3865, Time: 00:04:07

Health: -6/45      AC:  3    Str: 12    XL:     5   Next: 90%
Magic:  16/21      EV:  9    Int: 18    God:
Gold:   194        SH:  0    Dex:  9    Spells: 8/14 levels left

rFire   . . .        g - +0 dagger (elec)
rCold   . . .        (no shield)
rNeg    . . .        a - +0 robe
rPois   .            (helmet restricted)
rElec   .            (no cloak)
rCorr   .            (gloves unavailable)
SInv    .            (boots unavailable)
Will    .....        (no amulet)
Stlth   +            i - +4 ring of slaying
HPRegen 0.27/turn    n - ring of magical power
MPRegen 0.17/turn

%: no passive effects
@: inugami summoned
A: large, unfitting armour, horns 1, tough skin 1, double potion healing,
drunken brawling
a: no special abilities


You were on level 4 of the Dungeon.
You visited 1 branch of the dungeon, and saw 4 of its levels.

You collected 194 gold pieces.

Inventory:

Hand Weapons
 g - a +0 dagger of electrocution (weapon)
Missiles
 f - a throwing net
Armour
 a - a +0 robe (worn)
Jewellery
 i - a +4 ring of slaying (left hand)
 n - a ring of magical power (right hand)
Scrolls
 e - a scroll of enchant armour {unknown}
 j - a scroll of noise {unknown}
 k - a scroll of amnesia {unknown}
 l - 2 scrolls of teleportation
 m - a scroll of torment {unknown}
 o - a scroll of identify
Potions
 b - a potion of magic
 c - a potion of brilliance
 d - 3 potions of heal wounds
 h - a potion of enlightenment


   Skills:
 - Level 1.7 Dodging
 - Level 1.4 Stealth
 + Level 5.2 Spellcasting
 - Level 5.0 Summonings


You had 8 spell levels left.
You knew the following spells:

 Your Spells              Type           Power      Damage    Failure   Level
a - Summon Small Mammal   Summ           88%        N/A       1%          1
b - Call Imp              Summ           44%        N/A       2%          2
c - Call Canine Familiar  Summ           22%        N/A       4%          3

Your spell library contained the following spells:

 Spells                   Type           Power      Damage    Failure   Level
 Dazzling Flash           Conj/Hex       8%         N/A       36%         3
 Mephitic Cloud           Conj/Alch/Air  4%         N/A       36%         3
 Summon Blazeheart Golem  Fire/Summ      13%        N/A       43%         4
 Summon Lightning Spire   Summ/Air       13%        N/A       43%         4
 Animate Dead             Necr           4%         N/A       78%         4
 Curse of Agony           Necr           4%         N/A       98%         5
 Silence                  Hex/Air        2%         N/A       98%         5
 Haunt                    Necr/Summ      6%         N/A       100%        7
 Infestation              Necr           2%         N/A       100%        8


Dungeon Overview and Level Annotations

Branches:
Dungeon (4/15)
 Temple: D:4-7

Altars:


Innate Abilities, Weirdness & Mutations

You are too large for most types of armour.
You have a pair of small horns on your head.
You have tough skin. (AC +1)
You gain doubled healing and magic from potions.
Whenever you drink a healing potion, you attack all around you.


Message History

You barely miss the orc. You headbutt the orc.
You kill the orc!
The orc priest mumbles some strange prayers to Beogh against you.
Beogh smites you!
Your cerulean imp barely misses the bombardier beetle.
You are too injured to fight recklessly!
You are too injured to fight recklessly!
You are too injured to fight recklessly!
You are too injured to fight recklessly!
You are too injured to fight recklessly!
You are too injured to fight recklessly!
You are too injured to fight recklessly!
You are too injured to fight recklessly!
You are too injured to fight recklessly!
You are too injured to fight recklessly!
You are too injured to fight recklessly!
You are too injured to fight recklessly!
You are too injured to fight recklessly!
You are too injured to fight recklessly!
You are too injured to fight recklessly!
You are too injured to fight recklessly!
You are too injured to fight recklessly!
You are too injured to fight recklessly!
Your bat hits the bombardier beetle but does no damage.
Your cerulean imp hits the bombardier beetle but does no damage.
The bombardier beetle sprays incendiary fluid at you.
The burning spray hits your cerulean imp.
Your cerulean imp hits the bombardier beetle but does no damage.
Your cerulean imp burns!
Your cerulean imp shakes off the sticky flame as it moves.
The orc priest calls down the wrath of Beogh upon you.
Beogh smites you!
There is an open door here.
The orc priest calls down the wrath of Beogh upon you.
Beogh smites you!
* * * LOW HITPOINT WARNING * * *
There is a stone staircase leading up here.
The orc priest invokes the aid of Beogh against you.
Beogh smites you!
You die...

##...###.#....#.#####
#....#<..†.#........#
#......#..(...#..##.#
#####..#.#.#..#..##..#
#.........#....#......#
#.##....#.######..###.#
.###...g......#...# .#
...####....#'###.# ..
##.##..@#......#.# ##
#......'......'.#
.....>..#......###
###.#o###h.....##### ..
#.h............# ..
#r.###########.#
#.........# #######'##
#..b5#..#.# #........#
#..B.#.##.# #........#


You could see an orc priest, a hobgoblin, a friendly inugami (summoned) and a
friendly rat (summoned).

Vanquished Creatures
  Terence (D:2)
  3 adders
  3 dart slugs
  2 orcs (D:4)
  3 bats
  4 endoplasms
  2 giant cockroaches
  2 goblins
  5 hobgoblins
  A quokka (D:1)
  3 ball pythons
  4 kobolds
  5 rats
38 creatures vanquished.

Vanquished Creatures (collateral kills)
  A bombardier beetle (D:3)
  An iguana (D:4)
  2 adders
  3 dart slugs
  3 orcs (D:3)
  2 endoplasms
  4 goblins
  2 hobgoblins
  4 kobolds
  A quokka (D:2)
  4 ball pythons
  3 rats (D:3)
30 creatures vanquished.

Grand Total: 68 creatures vanquished

Notes
Turn   | Place    | Note
-------+----------+-------------------------------------------
     0 | D:1      | spaghetti the Oni Summoner began the quest for the Orb.
     0 | D:1      | Reached XP level 1. HP: 16/16 MP: 3/3
   278 | D:2      | Noticed Terence
   306 | D:2      | Killed Terence
   307 | D:2      | Reached XP level 2. HP: 21/24 MP: 1/6
   307 | D:2      | Reached XP level 3. HP: 28/31 MP: 1/7
   310 | D:2      | Learned a level 2 spell: Call Imp
   314 | D:2      | Learned a level 3 spell: Call Canine Familiar
   829 | D:1      | Found a faded altar of an unknown god.
  1890 | D:2      | Reached XP level 4. HP: 38/39 MP: 1/9
  2407 | D:3      | Reached XP level 5. HP: 45/45 MP: 5/11
  3570 | D:4      | Reached skill level 5 in Summonings
  3760 | D:4      | Reached skill level 5 in Spellcasting
  3865 | D:4      | Killed from afar by an orc priest

Illustrated notes

Levels and vault maps discovered:
D:1:      lightli_arrival_quake, layout_basic, chequers_ecumenical_altar_simple,
          minmay_strange_pillars, item_on_display_a
D:2:      layout_basic, minmay_tromino_v4_a, uniq_terence
D:3:      layout_basic, small_statue_intersection
D:4:      layout_basic, uniq_robin, uniq_natasha

Skill      XL: |  1  2  3  4  5 |
---------------+----------------+-----
Spellcasting   | 3 4 5 |  5.2
Summonings     | 4 5 |  5.0
Dodging        | |  1.7
Stealth        | |  1.4

Action                     |  1- 3 |  4- 6 || total
---------------------------+-------+-------++-------
  Melee: Unarmed           |    43 |       ||    43
         Headbutt          |    12 |     6 ||    18
         Dagger            |    20 |    59 ||    79
   Cast: Summon Small Mamm |    11 |     5 ||    16
         Call Imp          |    12 |    18 ||    30
         Call Canine Famil |     9 |    11 ||    20
    Use: Scroll            |     4 |       ||     4
   Stab: Sleeping          |     3 |       ||     3
         Distracted        |       |     1 ||     1
 Armour: Robe              |    44 |    40 ||    84
  Dodge: Dodged            |    27 |    22 ||    49
